 Dungeon Crawl Stone Soup version 0.19.5 (webtiles) character file.

4032 Lavandula the Thaumaturge (level 10, -6/73 HPs)
             Began as a Vine Stalker Air Elementalist on Mar 7, 2017.
             Was an Initiate of Gozag.
             Mangled by BugsBunnySan's ghost (14 damage)
             ... on level 10 of the Dungeon.
             The game lasted 00:39:34 (10630 turns).

Lavandula the Thaumaturge (VSAE)                   Turns: 10630, Time: 00:39:35

Health: -6/73      AC: 25    Str: 14    XL:     10   Next: 24%
Magic:  0/26       EV:  2    Int: 17    God:    Gozag
Gold:   735        SH:  0    Dex: 16    Spells: 5 memorised, 18 levels left

rFire  . . .     SeeInvis .     A - +4 quarterstaff (chaos)
rCold  . . .     Gourm    .     (armour currently unavailable)
rNeg   + + +     Faith    .     (shield currently unavailable)
rPois  +         Spirit   +     (helmet currently unavailable)
rElec  .         Reflect  .     (cloak currently unavailable)
rCorr  +         Harm     .     (gloves currently unavailable)
MR     +....     NoTele   +     (boots currently unavailable)
Stlth  ++........               (no amulet)
                                w - ring of resist corrosion
                                D - +3 ring of strength

@: tree-form (expiring), repel missiles
A: (fangs 0), regeneration 1, magic shield, (antimagic bite), no device heal 3,
rot immunity
a: Potion Petition, Call Merchant, Bribe Branch, Renounce Religion


You were on level 10 of the Dungeon.
You worshipped Gozag.
Gozag was pleased with you.
You were not hungry.
You were a tree.
You visited 2 branches of the dungeon, and saw 11 of its levels.

You collected 857 gold pieces.
You paid 122 gold pieces to Gozag.

Inventory:

Hand Weapons
 j - a +1 short sword of venom
 q - a +1 hand axe of electrocution
 A - a +4 quarterstaff of chaos (weapon)
 J - a +0 dire flail of holy wrath
Missiles
 u - a throwing net (quivered)
Armour
 g - a +0 pair of boots (melded)
 h - a +2 robe of cold resistance (melded)
 B - a +0 cloak of invisibility (melded)
 M - a +0 buckler
Jewellery
 w - a ring of resist corrosion (right branch)
 D - a +3 ring of strength (left branch)
 L - an uncursed ring of ice {unknown}
Wands
 r - a wand of acid (4/15)
 s - a wand of polymorph (0/24)
 P - a wand of iceblast (10/15)
Scrolls
 a - a scroll of holy word {unknown}
 d - 7 scrolls of remove curse
 e - 4 scrolls of teleportation
 f - 4 scrolls of recharging
 k - 4 scrolls of magic mapping
 l - 2 scrolls of noise {unknown}
 m - 3 scrolls of enchant weapon {unknown}
 o - a scroll of enchant armour {unknown}
 t - 4 scrolls of amnesia {unknown}
 y - a scroll of fear {unknown}
 C - a scroll of random uselessness {unknown}
 F - a scroll of blinking {unknown}
 N - a scroll of silence {unknown}
Potions
 i - 2 potions of berserk rage
 n - 6 potions of curing
 p - 2 potions of resistance
 v - 2 potions of flight
 x - a potion of lignification
 E - 2 potions of magic
 G - 2 potions of agility
 H - a potion of brilliance
 O - a potion of heal wounds {unknown}
Books
 b - a book of Air

   Spells                             Type                      Level
   a - Shock                          Conjuration/Air              1
   b - Swiftness                      Charms/Air                   2
   c - Repel Missiles                 Charms/Air                   2
   d - Static Discharge               Conjuration/Air              3
   e - Lightning Bolt                 Conjuration/Air              5
Comestibles
 c - 7 bread rations
 z - 2 beef jerkies
 I - 2 slices of pizza
 K - 3 fruits


   Skills:
 + Level 3.5 Fighting
 - Level 2.6 Staves
 - Level 3.9 Dodging
 - Level 2.4 Stealth
 - Level 11.0 Spellcasting
 - Level 1.0 Conjurations
 - Level 6.6 Air Magic
 - Level 2.6 Evocations


You had 18 spell levels left.
You knew the following spells:

 Your Spells              Type           Power        Failure   Level  Hunger
a - Shock                 Conj/Air       ###.         1%          1    None
b - Repel Missiles        Chrm/Air       ###...       2%          2    None
c - Swiftness             Chrm/Air       ###.....     2%          2    None
d - Static Discharge      Conj/Air       ###.....     6%          3    None
e - Lightning Bolt        Conj/Air       ###.......   45%         5    #####..


Dungeon Overview and Level Annotations

Branches:
Dungeon (10/15)            Temple (1/1) D:7             Orc (0/2) D:9
   Lair: D:8-11

Altars:
Dithmenos
Elyvilon
Fedhas
Gozag
Hepliaklqana
Makhleb
Nemelex Xobeh
Okawaru
Uskayaw
Vehumet
Yredelemnul

Annotations:
D:7 exclusion: 6 doors
D:9 1 exclusion
D:10 BugsBunnySan's ghost, novice FeBe


Innate Abilities, Weirdness & Mutations

((You have razor-sharp teeth.))
Your natural rate of healing is unusually fast.
When hurt, damage is shared between your health and your magic reserves.
((Your bite disrupts and absorbs the magic of your enemies.))
Potions and wands cannot restore your health.
You are immune to rotting.


Message History

Confirm with . or Enter, or press ? or * to list all spells.
Aiming: Shock
Press: ? - help, Shift-Dir - straight line The zap hits BugsBunnySan's ghost.
BugsBunnySan's ghost is heavily damaged.
The zap misses BugsBunnySan's ghost.
BugsBunnySan's ghost hits you.
Casting: Shock
Confirm with . or Enter, or press ? or * to list all spells.
Aiming: Shock
Press: ? - help, Shift-Dir - straight line The zap misses BugsBunnySan's ghost.
The zap hits BugsBunnySan's ghost.
BugsBunnySan's ghost is heavily damaged.
BugsBunnySan's ghost hits you!!
* * * LOW HITPOINT WARNING * * *
You closely miss BugsBunnySan's ghost.
BugsBunnySan's ghost is heavily damaged.
Your transformation is almost over.
BugsBunnySan's ghost hits you!
You die...
Your body crumbles into a pile of gold.

#. #..........#
#.## #..........#
#.<####..........#
##...##..........#
###.##..........#
#..#..........#
##............#
###..........#
#.......♣..#
#########W## #.#
#.# ##.# #..# #.##
$ # #.#
...#####)####


You could see BugsBunnySan's ghost.

Vanquished Creatures
  Grinder (D:3)
  A two-headed ogre (D:7)
  Sigmund (D:4)
  A wyvern (D:9)
  A hungry ghost (D:9)
  A steam dragon (D:9)
  A water moccasin (D:8)
  An orc warrior (D:6)
  3 ice beasts (D:8)
  2 sky beasts (D:6)
  A black bear (D:9)
  A necrophage (D:7)
  5 ogres
  A centaur (D:9)
  2 bullfrogs (D:8)
  A gnoll sergeant (D:8)
  A wyvern zombie (D:8)
  A water moccasin zombie (D:8)
  2 scorpions
  4 wights (D:7)
  2 howler monkeys (D:6)
  4 crimson imps
  A centaur zombie (D:8)
  4 hounds
  2 jellies
  The ghost of BugsBunnySan the Charmwright, a weakling FeSk (D:3)
  Crazy Yiuf (D:4)
  An orc priest (D:3)
  An orc wizard (D:5)
  A centaur skeleton (D:4)
  4 iguanas
  4 worker ants
  3 hound skeletons
  7 gnolls
  2 howler monkey skeletons
  13 adders
  2 shadow imps
  An ooze (D:2)
  A worm (D:3)
  A dart slug (D:2)
  6 leopard geckos
  16 orcs
  9 bats
  6 giant cockroaches
  8 goblins
  9 hobgoblins
  13 jackals
  A quokka (D:7)
  2 ball pythons
  4 frilled lizards
  A jackal zombie (D:3)
  5 kobolds
  3 leopard gecko skeletons (D:4)
  A leopard gecko zombie (D:8)
  9 rats
  A spectral orc (D:3)
182 creatures vanquished.

Notes
Turn   | Place    | Note
-------+----------+-------------------------------------------
     0 | D:1      | Lavandula the Vine Stalker Air Elementalist began the quest for the Orb.
     0 | D:1      | Reached XP level 1. HP: 9/9 MP: 4/4
   600 | D:1      | Found a sparkling altar of Nemelex Xobeh.
   645 | D:1      | Reached XP level 2. HP: 13/13 MP: 4/6
  1080 | D:2      | Found a white marble altar of Elyvilon.
  1084 | D:2      | Found a hide-covered altar of Uskayaw.
  1088 | D:2      | Found a hazy altar of Hepliaklqana.
  1192 | D:2      | Reached XP level 3. HP: 16/16 MP: 5/8
  1205 | D:2      | Learned a level 2 spell: Repel Missiles
  1209 | D:2      | Learned a level 2 spell: Swiftness
  1405 | D:2      | Reached skill level 3 in Spellcasting
  1463 | D:2      | Learned a level 3 spell: Static Discharge
  1737 | D:2      | Found a shadowy altar of Dithmenos.
  2174 | D:2      | Gained mutation: Your natural rate of healing is unusually fast. [Vine Stalker growth]
  2174 | D:2      | Reached XP level 4. HP: 21/21 MP: 5/10
  2510 | D:2      | Reached skill level 4 in Spellcasting
  2788 | D:3      | Reached XP level 5. HP: 24/24 MP: 1/12
  2907 | D:3      | Noticed BugsBunnySan's ghost (weakling FeSk)
  2927 | D:3      | Killed BugsBunnySan's ghost
  3055 | D:3      | Reached skill level 5 in Spellcasting
  3507 | D:3      | Noticed Grinder
  3731 | D:3      | Killed Grinder
  3731 | D:3      | Reached skill level 6 in Spellcasting
  3731 | D:3      | Reached XP level 6. HP: 28/28 MP: 7/16
  3912 | D:3      | Found a basalt altar of Yredelemnul.
  4001 | D:4      | Noticed Sigmund
  4099 | D:4      | Reached skill level 7 in Spellcasting
  4100 | D:4      | Killed Sigmund
  4100 | D:4      | Reached XP level 7. HP: 27/32 MP: 6/19
  4213 | D:4      | Learned a level 5 spell: Lightning Bolt
  4247 | D:4      | Reached skill level 8 in Spellcasting
  4451 | D:4      | Found a basalt altar of Yredelemnul.
  4963 | D:4      | Gained mutation: You have razor-sharp teeth. [Vine Stalker growth]
  4963 | D:4      | Reached XP level 8. HP: 36/36 MP: 18/21
  5195 | D:4      | Found a runed door.
  5199 | D:4      | Noticed Crazy Yiuf
  5205 | D:4      | Killed Crazy Yiuf
  5284 | D:5      | Entered Level 5 of the Dungeon
  5313 | D:5      | Reached skill level 9 in Spellcasting
  5544 | D:5      | Found a sparkling altar of Nemelex Xobeh.
  6218 | D:6      | Reached skill level 10 in Spellcasting
  6434 | D:6      | Reached skill level 5 in Air Magic
  6850 | D:7      | Noticed a two-headed ogre
  6861 | D:7      | Killed a two-headed ogre
  6861 | D:7      | Reached XP level 9. HP: 39/39 MP: 19/24
  7296 | D:7      | Found a radiant altar of Vehumet.
  7372 | D:7      | Found a staircase to the Ecumenical Temple.
  7473 | Temple   | Entered the Ecumenical Temple
  7601 | Temple   | Became a worshipper of Gozag Ym Sagoz the Greedy
  8163 | D:8      | Reached skill level 11 in Spellcasting
  8970 | D:8      | Reached skill level 1 in Fighting
  9339 | D:9      | Reached XP level 10. HP: 16/49 MP: 1/26
  9535 | D:9      | Found a staircase to the Orcish Mines.
  9544 | D:9      | Reached skill level 1 in Evocations
  9896 | D:9      | Reached skill level 1 in Staves
 10434 | D:10     | Entered Level 10 of the Dungeon
 10598 | D:10     | Noticed BugsBunnySan's ghost (novice FeBe)
 10630 | D:10     | Mangled by BugsBunnySan's ghost

Skill      XL: |  1  2  3  4  5  6  7  8  9 10 |
---------------+-------------------------------+-----
Spellcasting   | 3 4 6 7 8 10 11 | 11.0
Air Magic      | 6 |  6.6
Dodging        | 3 |  3.9
Fighting       | 3 |  3.5
Evocations     | 2 |  2.6
Staves         | 2 |  2.6
Stealth        | |  2.4
Conjurations   | |  1.0

Action                   |  1- 3 |  4- 6 |  7- 9 | 10-12 || total
-------------------------+-------+-------+-------+-------++-------
Melee: Unarmed           |     1 |    10 |       |       ||    11
       Short sword       |    11 |     2 |       |       ||    13
       Bite              |     2 |     1 |     9 |       ||    12
       Hand axe          |       |     4 |       |       ||     4
       Quarterstaff      |       |       |    38 |     1 ||    39
Throw: Throwing net      |       |     1 |     1 |       ||     2
 Cast: Shock             |    66 |   123 |   278 |    86 ||   553
       Repel Missiles    |     1 |       |       |     1 ||     2
       Static Discharge  |       |       |    17 |     2 ||    19
Evoke: Wand              |       |     1 |     3 |     1 ||     5
  Use: Scroll            |       |     8 |     8 |       ||    16
       Potion            |       |     1 |       |     1 ||     2
  Eat: Chunk             |     3 |     7 |     9 |       ||    19
       Meat ration       |       |       |     1 |     2 ||     3
Armor: Robe              |     8 |     5 |    30 |     4 ||    47
       Skin              |       |     5 |       |     2 ||     7
Dodge: Dodged            |    16 |    24 |    78 |    16 ||   134
       Deflected         |       |       |     1 |       ||     1
